 Dungeon Crawl Stone Soup version 0.30-a0-381-g6ea064c7b4 (webtiles) character file.

Game seed: 3879105797566436827

94 qeuew the Conjurer (level 4, -1/24 HPs)
             Began as a Tengu Reaver on Dec 1, 2022.
             Was a Believer of Hepliaklqana.
             Succumbed to ytrimaz's ghost's poison
             ... on level 3 of the Dungeon.
             The game lasted 00:03:25 (2259 turns).

qeuew the Conjurer (Tengu Reaver)                   Turns: 2259, Time: 00:03:26

Health: -1/24      AC:  5    Str: 14    XL:     4   Next: 63%
Magic:  7/7        EV: 11    Int: 13    God:    Hepliaklqana [**....]
Gold:   201        SH:  0    Dex: 13    Spells: 4/7 levels left

rFire   + . .      SeeInvis .    a - +0 hand axe
rCold   . . .      Faith    .    (no shield)
rNeg    . . .      Spirit   .    c - +0 ring mail
rPois   .          Reflect  .    (helmet restricted)
rElec   .          Harm     .    (no cloak)
rCorr   .          Rampage  .    (no gloves)
Will    .....                    (boots unavailable)
Stlth   +.........               (no amulet)
HPRegen 0.24/turn                (no ring)
MPRegen 0.10/turn                (no ring)

@: mighty, lethally poisoned (-1 -> -9)
A: reduced essence, beak, talons 3, fire resistance 1, low MP 1, MP-powered
wands
a: Renounce Religion, Recall Ancestor, Ancestor Identity


You were on level 3 of the Dungeon.
You worshipped Hepliaklqana.
Hepliaklqana was pleased with you.
You visited 1 branch of the dungeon, and saw 3 of its levels.

You collected 201 gold pieces.

Inventory:

Hand Weapons
 a - a +0 hand axe (weapon)
Missiles
 g - a throwing net
Armour
 c - a +0 ring mail (worn)
Wands
 f - a wand of mindburst (16)
 j - a wand of flame (10)
Scrolls
 b - a scroll of noise {unknown}
 d - 2 scrolls of identify {unknown}
 i - a scroll of enchant armour {unknown}
Potions
 l - a potion of attraction {unknown}


   Skills:
 + Level 2.5 Fighting
 + Level 3.7 Axes
 + Level 1.3 Armour
 + Level 2.8 Dodging
 + Level 2.4 Spellcasting
 + Level 4.3 Conjurations
 + Level 1.5 Necromancy


You had 4 spell levels left.
You knew the following spells:

 Your Spells              Type           Power      Damage    Failure   Level
a - Kiss of Death         Conj/Necr      36%        2d8       16%         1
b - Momentum Strike       Conj/Tloc      14%        3d8       30%         2

Your spell library contained the following spells:

 Spells                   Type           Power      Damage    Failure   Level
 Summon Small Mammal      Summ           4%         N/A       45%         1
 Cigotuvi's Dreadful Rot  Necr/Pois/Air  4%         N/A       52%         2
 Hailstorm                Conj/Ice       7%         3d4       52%         3
 Call Canine Familiar     Summ           1%         N/A       83%         3
 Inner Flame              Hex/Fire       1%         N/A       83%         3
 Summon Guardian Golem    Hex/Summ       1%         N/A       83%         3
 Flame Wave               Conj/Fire      7%         2d5       90%         4
 Sticky Flame             Conj/Fire      7%         2d3       90%         4
 Dispel Undead            Necr           5%         3d7       95%         4
 Death Channel            Necr           2%         N/A       100%        6


Dungeon Overview and Level Annotations

Branches:
Dungeon (3/15)

Altars:
Hepliaklqana

Shops:
D:3 [

Annotations:
D:3 ytrimaz's ghost, amateur DjCj


Innate Abilities, Weirdness & Mutations

Your life essence is reduced to manifest your ancestor. (-10% HP)
You have a beak for a mouth.
You have claws for feet.
Your flesh is heat resistant. (rF+)
Your magical capacity is low. (-10% MP)
You expend magic power (3 MP) to strengthen your wands.


Message History

Your peck misses ytrimaz's ghost.
Ytrimaz's ghost is moderately damaged.
You feel sick.
Ytrimaz's ghost hits you but does no damage.
You are more poisoned.
DuckSupremacy points at ytrimaz's ghost and mumbles some strange words.
The puff of frost misses ytrimaz's ghost.
You completely miss ytrimaz's ghost. Your peck misses ytrimaz's ghost.
Ytrimaz's ghost is moderately damaged.
You feel sick. Ytrimaz's ghost hits you.
You are lethally poisoned!
DuckSupremacy casts a spell at ytrimaz's ghost.
The stone arrow misses ytrimaz's ghost.
Ytrimaz's ghost hits you but does no damage.
DuckSupremacy barely misses ytrimaz's ghost.
You closely miss ytrimaz's ghost.
Ytrimaz's ghost is moderately damaged.
You feel very sick. Ytrimaz's ghost barely misses you.
DuckSupremacy hits ytrimaz's ghost with a +0 quarterstaff!
Unknown command.
It was a potion of magic.
Magic courses through your body.
* * * LOW HITPOINT WARNING * * *
You feel very sick.
The white imp grinds its teeth.
Ytrimaz's ghost gestures at you while chanting.
The magic dart hits you.
* * * LOW HITPOINT WARNING * * *
DuckSupremacy misses ytrimaz's ghost.
It was a potion of might.
You feel very mighty all of a sudden.
* * * LOW HITPOINT WARNING * * *
You feel very sick.
Ytrimaz's ghost gestures wildly while chanting.
DuckSupremacy barely misses ytrimaz's ghost.
Unknown command.
It was a potion of mutation.
You feel extremely strange.
You feel resistant to heat.
You feel less energetic.
You feel your magical essence link to the dungeon's wands.
You die...

#.##.##.# #.........####.#
#.##.##.# ##...####...>..#
#.##.##.#####..## ########
#.##...........#
#.#####.######.#
#.############.#
#....#...5.#R..# ######
######)~~~5W...# #.....
#.....#@..#########.####
#########.##.....##.#
#.##.....##.#### ###########
#.##...........#
#.........#####.##.....##.##.#
#
#.##.##.#..............##.##.#
##
#.##.##.#..##.....#######.....
.###.##.......###...## ####.#
#.##.##..#.#.##
##.############.#


You could see the friendly DuckSupremacy the battlemage, ytrimaz's ghost (ally
target), a crimson imp (summoned) and a white imp (summoned).

Vanquished Creatures
  3 adders (D:3)
  A worm (D:3)
  2 dart slugs
  8 ball pythons
  7 bats
  2 endoplasms (D:2)
  2 giant cockroaches
  5 goblins
  6 hobgoblins
  3 jackals (D:2)
  3 kobolds (D:1)
  2 quokkas
  7 frilled lizards
  7 rats
58 creatures vanquished.

Vanquished Creatures (collateral kills)
  A ball python (D:3)
1 creature vanquished.

Grand Total: 59 creatures vanquished

Notes
Turn   | Place    | Note
-------+----------+-------------------------------------------
     0 | D:1      | qeuew the Tengu Reaver began the quest for the Orb.
     0 | D:1      | Reached XP level 1. HP: 12/12 MP: 4/4
    83 | D:1      | Reached XP level 2. HP: 17/17 MP: 6/6
   255 | D:1      | Reached skill level 1 in Necromancy
   558 | D:1      | Reached XP level 3. HP: 20/21 MP: 7/7
   854 | D:2      | Learned a level 2 spell: Momentum Strike
   918 | D:2      | Reached skill level 1 in Armour
  1073 | D:2      | Found a faded altar of an unknown god.
  1234 | D:2      | Prayed at the altar of an unknown god.
  1234 | D:2      | Became a worshipper of Hepliaklqana the Forgotten
  1234 | D:2      | Reached * piety under Hepliaklqana
  1293 | D:3      | Reached XP level 4. HP: 23/24 MP: 8/8
  1528 | D:3      | Found Xateomer's Armour Shoppe.
  1902 | D:3      | Found a runed translucent door.
  1904 | D:3      | Noticed ytrimaz's ghost (amateur DjCj)
  2039 | D:3      | Reached ** piety under Hepliaklqana
  2040 | D:3      | Remembered your ancestor DuckSupremacy as a battlemage
  2258 | D:3      | HP: 1/24 [poisoned by ytrimaz's ghost]
  2259 | D:3      | Gained mutation: Your flesh is heat resistant. (rF+)
                  | [potion of mutation]
  2259 | D:3      | Gained mutation: Your magical capacity is low. (-10% MP)
                  | [potion of mutation]
  2259 | D:3      | Gained mutation: You expend magic power (3 MP) to
                  | strengthen your wands. [potion of mutation]
  2259 | D:3      | Succumbed to ytrimaz's ghost's poison

Illustrated notes

Levels and vault maps discovered:
D:1:      shiori_arrival_oz, layout_loops_ring, st_stairs_12
D:2:      layout_basic, hellmonk_ecumenical_altar_inner_sanctum, glass_columns_a
D:3:      layout_loops_corners, serial_shops, shop,
          ebering_ghost_reflecting_pool, minmay_door_square,
          wander_ebering_terrifying_dragon_lair

Skill      XL: |  1  2  3 |
---------------+----------+-----
Necromancy     | 1 |  1.5
Armour         | 1 |  1.3
Fighting       | |  2.5
Axes           | |  3.7
Dodging        | |  2.8
Spellcasting   | |  2.4
Conjurations   | |  4.3

Action                   |  1- 3 |  4- 6 || total
-------------------------+-------+-------++-------
Melee: Hand axe          |    94 |    30 ||   124
       Kick              |    20 |     8 ||    28
       Peck              |    14 |     2 ||    16
Invok: Ancestor Identity |     2 |       ||     2
       Ancestor Life: Ba |       |     1 ||     1
  Use: Potion            |       |     3 ||     3
Armor: Leather armour    |     8 |       ||     8
       Ring mail         |    16 |    12 ||    28
Dodge: Dodged            |    71 |    14 ||    85

Table legend: (Time is in decaauts)
 A = Elapsed time spent in this place.
 B = Non-inter-level travel time spent in this place.
 C = Inter-level travel time spent in this place.
 D = Time resting spent in this place.
 E = Time spent auto-exploring this place.
 F = Levels seen in this place.
 G = Mean time per level.
                   A        B        C        D        E       F      G
               +--------+--------+--------+--------+--------+-----+--------+
         Total |   2273 |   2161 |    112 |      0 |   1823 |   3 |  757.7 |
       Dungeon |   2273 |   2161 |    112 |      0 |   1823 |   3 |  757.7 |
               +--------+--------+--------+--------+--------+-----+--------+

Top non-repeatable levels by time:
     D:3: 1001 daAuts
     D:1: 731 daAuts
     D:2: 539 daAuts
